 Dungeon Crawl Stone Soup version 0.29.1-2-gbd0b4ee654 (webtiles) character file.

Game seed: 12003316355502330584

2286 Earthwalker the Blocker (level 9, -29/79 HPs)
             Began as a Minotaur Fighter on Oct 23, 2022.
             Annihilated by a boulder beetle (51 damage)
             ... on level 7 of the Dungeon.
             The game lasted 00:10:44 (5659 turns).

Earthwalker the Blocker (Minotaur Fighter)          Turns: 5659, Time: 00:10:45

Health: -29/79     AC: 10    Str: 32    XL:     9   Next: 17%
Magic:  8/8        EV: 10    Int:  5    God:
Gold:   365        SH:  5    Dex:  9    Spells: 8/8 levels left

rFire   . . .      SeeInvis .   a - +0 war axe
rCold   . . .      Faith    .   c - +0 buckler
rNeg    . . .      Spirit   .   b - +0 scale mail
rPois   .          Reflect  .   (helmet restricted)
rElec   .          Harm     .   (no cloak)
rCorr   .          Rampage  .   h - +1 pair of gloves
Will    .....                   (no boots)
Stlth   ..........              (no amulet)
HPRegen 0.23/turn               w - +4 ring of slaying
MPRegen 0.11/turn               x - +6 ring of strength

@: no status effects
A: horns 2, retaliatory headbutt
a: no special abilities


You were on level 7 of the Dungeon.
You visited 1 branch of the dungeon, and saw 7 of its levels.

You collected 365 gold pieces.

Inventory:

Hand Weapons
 a - a +0 war axe (weapon)
Missiles
 r - 10 poisoned darts
 t - 5 curare-tipped darts (quivered)
Armour
 b - a +0 scale mail (worn)
 c - a +0 buckler (worn)
 h - a +1 pair of gloves (worn)
Jewellery
 w - a +4 ring of slaying (left hand)
 x - a +6 ring of strength (right hand)
 y - an amulet of guardian spirit
Wands
 i - a wand of flame (8)
 n - a wand of digging (8)
Scrolls
 e - 5 scrolls of blinking {unknown}
 f - 2 scrolls of silence {unknown}
 g - 3 scrolls of teleportation {unknown}
 j - 9 scrolls of identify {unknown}
 l - 2 scrolls of fear {unknown}
 p - a scroll of vulnerability {unknown}
 s - a scroll of enchant weapon {unknown}
 z - a scroll of enchant armour {unknown}
Potions
 d - 4 potions of might
 k - a potion of heal wounds {unknown}
 m - a potion of lignification {unknown}
 o - 2 potions of curing {unknown}
 q - 2 potions of brilliance {unknown}
 u - 2 potions of haste {unknown}
 v - a potion of resistance {unknown}
 A - a potion of ambrosia {unknown}


   Skills:
 + Level 7.0 Fighting
 * Level 8.1 Axes
 * Level 8.5 Armour
 * Level 8.6 Shields


You had 8 spell levels left.
You didn't know any spells.
Your spell library contained the following spells:

 Spells                   Type           Power      Damage    Failure   Level
 Apportation              Tloc           0%         N/A       75%         1
 Necrotise                Necr           0%         1d4       75%         1
 Shock                    Conj/Air       0%         1d3       75%         1
 Summon Small Mammal      Summ           0%         N/A       75%         1
 Blink                    Tloc           0%         N/A       87%         2
 Static Discharge         Conj/Air       0%         3-3/arc   87%         2
 Gell's Gravitas          Tloc           0%         N/A       98%         3
 Lesser Beckoning         Tloc           0%         N/A       98%         3
 Swiftness                Air            0%         N/A       98%         3
 Teleport Other           Tloc           0%         N/A       98%         3
 Vampiric Draining        Necr           0%         2d6       98%         3
 Airstrike                Air            0%         2d(0-16)  100%        4
 Dispel Undead            Necr           0%         3d6       100%        4
 Sticky Flame             Conj/Fire      0%         2d3       100%        4
 Summon Lightning Spire   Summ/Air       0%         N/A       100%        4
 Agony                    Necr           0%         N/A       100%        5
 Manifold Assault         Tloc           0%         N/A       100%        5
 Storm Form               Tmut/Air       0%         N/A       100%        7
 Maxwell's Capacitive Co  Air            0%         ∞         100%        8


Dungeon Overview and Level Annotations

Branches:
Dungeon (7/15)
 Temple: D:4-7

Altars:
Fedhas
Hepliaklqana
Zin

Shops:
D:3 :

Annotations:
D:4 3 runed translucent doors, Elsvaer's ghost, amateur DECj; decrepitue's ghost, amateur OpFE
D:6 Sigmund


Innate Abilities, Weirdness & Mutations

You have a pair of horns on your head.
You reflexively headbutt those who attack you in melee.


Message History

You block the centaur's attack. The centaur closely misses you.
Your Axes skill increases to level 8!
You barely miss the centaur. The centaur hits you.
The centaur closely misses you.
Unknown command.
You hit the centaur.
The centaur is lightly wounded.
The centaur hits you but does no damage.
The centaur barely misses you. You block the centaur's attack.
The centaur kicks you but does no damage.
You slash the centaur! Your headbutt misses the centaur.
The centaur is almost dead.
A howler monkey comes into view.
The centaur hits you but does no damage.
The centaur kicks you.
A necrophage comes into view.
An iguana comes into view.
The iguana hisses angrily.
You slash the centaur!
You kill the centaur!
You closely miss the howler monkey. You headbutt the howler monkey!
The howler monkey is heavily wounded.
You completely miss the iguana.
The howler monkey hoots and howls with incredible vigour!
The iguana bites you.
* * * LOW HITPOINT WARNING * * *
You hear a shout! x2; You hear an angry hiss.
You hear a shout! x8
You slash the howler monkey!
You kill the howler monkey!
You slash the iguana!
An orc warrior comes into view.
It is wielding a +0 halberd and carrying a wand of light (9).
The boulder beetle curls into a ball and begins rolling!
The iguana misses you. You furiously retaliate!
You headbutt the iguana!
You kill the iguana!
The orc warrior closely misses you.
Your Fighting skill increases to level 7!
You hit the boulder beetle but do no damage.
The boulder beetle is moderately wounded.
The boulder beetle hits you!!!
Ouch! That really hurt!
You die...

#.......# #.......#
#####.......#
#######...#.......#
..................#
..........).......#
..........#.......#
..................#
..........n..@B...#
........##.###†°.....
........# .o......
.....................
...........5####.....
.........###.ol #....
#######.## #l !...
#.# #.# ..#


You could see a boulder beetle (rolling), an orc warrior and a necrophage.

Vanquished Creatures
  A basilisk (D:7)
  A water moccasin (D:5)
  An orc warrior (D:7)
  A sky beast (D:7)
  4 black bears
  An ogre (D:5)
  2 centaurs
  A kobold brigand (D:7)
  A necrophage (D:5)
  2 scorpions
  3 wights (D:5)
  A howler monkey (D:7)
  3 hounds
  4 orc priests
  A gnoll bouda (D:3)
  6 iguanas
  5 orc wizards
  8 adders
  9 gnolls
  A shadow imp (D:7)
  A white imp (D:5)
  2 ufetubi (D:6)
  4 worms
  2 dart slugs
  28 orcs
  6 ball pythons
  A bat (D:1)
  8 endoplasms
  6 giant cockroaches
  8 goblins
  3 hobgoblins
  4 kobolds
  A quokka (D:3)
  2 frilled lizards
  9 rats
141 creatures vanquished.

Notes
Turn   | Place    | Note
-------+----------+-------------------------------------------
     0 | D:1      | Earthwalker the Minotaur Fighter began the quest for the
                  | Orb.
     0 | D:1      | Reached XP level 1. HP: 19/19 MP: 0/0
   358 | D:1      | Reached XP level 2. HP: 27/27 MP: 1/1
   388 | D:1      | Found a faded altar of an unknown god.
   864 | D:2      | Reached XP level 3. HP: 22/33 MP: 2/2
  1663 | D:3      | Reached XP level 4. HP: 40/40 MP: 3/3
  1858 | D:3      | Found a glowing silver altar of Zin.
  1963 | D:3      | Found Hesel's Book Shop.
  2438 | D:4      | Reached XP level 5. HP: 21/47 MP: 4/4
  2849 | D:4      | Noticed a black bear
  2859 | D:4      | Killed a black bear
  2860 | D:4      | Reached skill level 5 in Fighting
  2860 | D:4      | Reached skill level 5 in Armour
  2860 | D:4      | Reached skill level 5 in Shields
  2959 | D:4      | Reached XP level 6. HP: 56/56 MP: 5/5
  3064 | D:4      | Found a runed translucent gate.
  3065 | D:4      | Found a runed translucent gate.
  3066 | D:4      | Found a runed translucent gate.
  3067 | D:4      | Noticed decrepitue's ghost (amateur OpFE)
  3068 | D:4      | Noticed Elsvaer's ghost (amateur DECj)
  3526 | D:5      | Entered Level 5 of the Dungeon
  3535 | D:5      | Reached skill level 5 in Axes
  3577 | D:5      | Found a hazy altar of Hepliaklqana.
  3620 | D:5      | Reached XP level 7. HP: 61/61 MP: 6/6
  4311 | D:5      | Reached XP level 8. HP: 70/70 MP: 7/7
  5454 | D:6      | Found a blossoming altar of Fedhas.
  5514 | D:6      | Noticed Sigmund
  5636 | D:7      | Noticed a boulder beetle
  5639 | D:7      | Reached XP level 9. HP: 75/78 MP: 8/8
  5659 | D:7      | Annihilated by a boulder beetle

Illustrated notes

Levels and vault maps discovered:
D:1:      dpeg_arrival_arbitrary_c, layout_basic,
          hellmonk_ecumenical_altar_lost_god
D:2:      layout_loops_ring
D:3:      layout_basic, mainiacjoe_overflow_concentric_impassable, serial_shops,
          nicolae_shop_statue_plus, minmay_close_crescents
D:4:      layout_basic, gammafunk_ghost_cemetery, chequers_mini_garden, hex_tiny
D:5:      layout_loops_ring, mainiacjoe_overflow_24_doors
D:6:      layout_basic, fedhas_altar_3, uniq_sigmund, uniq_grinder
D:7:      layout_basic, minmay_temple_entry_nine_rooms, minmay_alternating_orb,
          uniq_menkaure, uniq_maggie

Skill      XL: |  1  2  3  4  5  6  7  8  9 |
---------------+----------------------------+-----
Armour         | 4 5 6 8 |  8.5
Fighting       | 4 5 6 7 |  7.0
Axes           | 3 4 5 6 7 8 |  8.1
Shields        | 4 5 6 8 |  8.6

Action                   |  1- 3 |  4- 6 |  7- 9 || total
-------------------------+-------+-------+-------++-------
Melee: War axe           |    80 |    80 |   128 ||   288
       Headbutt          |    11 |    11 |    21 ||    43
Throw: Dart              |       |     5 |       ||     5
Armor: Scale mail        |    40 |    39 |    54 ||   133
Dodge: Dodged            |    27 |    35 |    66 ||   128
Block: Buckler           |    18 |    19 |    36 ||    73
